 Dungeon Crawl Stone Soup version 0.24.0-41-g2ae2f7f1be (webtiles) character file.

Game seed: 17633375456617286213, levelgen mode: deterministic

82 H0rd4k the Magician (level 4, -1/24 HPs)
             Began as a Deep Elf Wizard on Dec 12, 2019.
             Slain by a centaur (8 damage)
             ... on level 3 of the Dungeon.
             The game lasted 00:05:06 (2035 turns).

H0rd4k the Magician (Deep Elf Wizard)               Turns: 2035, Time: 00:05:06

Health: -1/24      AC:  2    Str:  4      XL:     4   Next: 21%
Magic:  4/14       EV: 13    Int: 23 (24) God:
Gold:   154        SH:  0    Dex: 12 (13) Spells: 6/15 levels left

rFire    . . .     SeeInvis .   (no weapon)
rCold    . . .     Gourm    .   (no shield)
rNeg     . . .     Faith    .   a - +0 robe
rPois    .         Spirit   .   b - +0 hat
rElec    .         Reflect  .   (no cloak)
rCorr    .         Harm     .   (no gloves)
MR       .....                  (no boots)
Stlth    ++........             (no amulet)
HPRegen  0.08/turn              (no ring)
MPRegen  0.14/turn              (no ring)

@: very slightly contaminated
A: no striking features
a: no special abilities


You were on level 3 of the Dungeon.
You were not hungry.

You visited 1 branch of the dungeon, and saw 4 of its levels.

You collected 154 gold pieces.

Inventory:

Missiles
 j - 5 poisoned darts (quivered)
Armour
 a - a +0 robe (worn)
 b - a +0 hat (worn)
Jewellery
 e - an uncursed ring of resist corrosion {unknown}
Scrolls
 f - a scroll of amnesia {unknown}
 h - 2 scrolls of remove curse {unknown}
 i - 3 scrolls of identify {unknown}
 l - a scroll of random uselessness {unknown}
Potions
 g - a potion of curing {unknown}
 k - a potion of cancellation {unknown}
Comestibles
 d - 4 rations


   Skills:
 + Level 2.9 Dodging
 + Level 2.9 Stealth
 + Level 6.1 Spellcasting
 + Level 2.2 Conjurations
   Level 1.1 Summonings
 + Level 1.1 Translocations


You had 6 spell levels left.
You knew the following spells:

 Your Spells              Type           Power        Failure   Level  Hunger
a - Magic Dart            Conj           ###.         3%          1    None
b - Blink                 Tloc           N/A          9%          2    None
c - Conjure Flame         Conj/Fire      ##......     16%         3    #......
d - Mephitic Cloud        Conj/Pois/Air  ##......     19%         3    #......

Your spell library contained the following spells:

 Spells                   Type           Power        Failure   Level  Hunger
 Call Imp                 Summ           ##......     9%          2    None
 Slow                     Hex            #.......     13%         2    None


Dungeon Overview and Level Annotations

Branches:
Dungeon (4/15)
 Temple: D:4-7

Altars:
Uskayaw


Message History

The centaur appears confused.
The centaur grins madly.
The centaur barely misses you.
Casting: Magic Dart (safe; 3% risk of failure)
Confirm with . or Enter, or press ? or * to list all spells.
Aiming: Magic Dart (safe; 3% risk of failure)
Press: ? - help, Shift-Dir - straight line, f/p - centaur
Aim: a centaur (noxious fumes, severely wounded, confused)
You miscast Magic Dart.
Nothing appears to happen.
The centaur is engulfed in noxious fumes.
The giant cockroach bites you but does no damage.
Casting: Magic Dart (safe; 3% risk of failure)
Confirm with . or Enter, or press ? or * to list all spells.
Aiming: Magic Dart (safe; 3% risk of failure)
Press: ? - help, Shift-Dir - straight line, f/p - centaur
Aim: a centaur (severely wounded, confused)
The magic dart hits the centaur.
The centaur is almost dead.
The centaur hits you!
You die...

# ##### # #...# # #...#
# #...# # #...#
######### #...#
#........
#######...####..s.####
#...c@s...+.......'...
#.#####(..####....#.##
#ยง...............s....
#.##################..
#?# ..... #.# ####. #.#
... #.# ##.. #'# #.


You could see a centaur (confused) and a giant cockroach.

Vanquished Creatures
  3 adders (D:2)
  An ooze (D:1)
  A worm (D:2)
  A dart slug (D:3)
  2 leopard geckos
  3 orcs (D:3)
  3 goblins
  6 hobgoblins
  2 jackals (D:3)
  A quokka (D:2)
  6 bats
  3 frilled lizards
  6 kobolds
  3 rats
41 creatures vanquished.

Notes
Turn   | Place    | Note
-------+----------+-------------------------------------------
     0 | D:1      | H0rd4k the Deep Elf Wizard began the quest for the Orb.
     0 | D:1      | Reached XP level 1. HP: 10/10 MP: 7/7
   213 | D:1      | Reached skill level 5 in Spellcasting
   215 | D:1      | Reached XP level 2. HP: 15/15 MP: 3/10
   626 | D:1      | You fall into a shaft and drop 1 floor!
   849 | D:2      | Reached XP level 3. HP: 5/19 MP: 3/12
   956 | D:2      | Found a hide-covered altar of Uskayaw.
  1155 | D:2      | Learned a level 2 spell: Blink
  1159 | D:2      | Learned a level 3 spell: Conjure Flame
  1163 | D:2      | Learned a level 3 spell: Mephitic Cloud
  1320 | D:2      | Reached skill level 6 in Spellcasting
  1601 | D:3      | Reached XP level 4. HP: 18/24 MP: 10/14
  1735 | D:3      | Noticed a centaur
  2035 | D:3      | Slain by a centaur

Levels and vault maps discovered:
D:1:      lemuel_arrival_tunnels, layout_basic
D:2:      layout_loops_ring, old_standard_altar, nicolae_overflow_hidden_temple
D:3:      layout_basic, lemuel_doored_altar
D:4:      layout_gridville, kennysheep_little_box,
          ashenzari_conservatory_becter, xom_teletrap_fun, marbit_many_paths,
          first_ration

Skill      XL: |  1  2  3  4 |
---------------+-------------+-----
Spellcasting   | 5 6 |  6.1
Conjurations   | 2 |  2.2
Dodging        | |  2.9
Stealth        | |  2.9
Summonings     | |  1.1
Translocations | |  1.1

Action                   |  1- 3 |  4- 6 || total
-------------------------+-------+-------++-------
Melee: Unarmed           |       |     1 ||     1
 Cast: Magic Dart        |    84 |    33 ||   117
       Mephitic Cloud    |       |     2 ||     2
       Blink             |       |     2 ||     2
       Conjure Flame     |       |     1 ||     1
  Use: Potion            |     6 |     1 ||     7
  Eat: Chunk             |     1 |     2 ||     3
Armor: Robe              |     1 |     9 ||    10
Dodge: Dodged            |    11 |    18 ||    29
